 Dungeon Crawl Stone Soup version 0.29-a0-994-gc5c9f59d18 (webtiles) character file.

Game seed: 9676509240450460160

4522 xian the Cleaver (level 10, -11/76 HPs)
             Began as a Demonspawn Fighter on Aug 3, 2022.
             Was a Believer of Wu Jian.
             Killed from afar by Erica (28 damage)
             ... with a bolt of poison
             ... on level 8 of the Dungeon.
             The game lasted 00:28:56 (8466 turns).

xian the Cleaver (Demonspawn Fighter)               Turns: 8466, Time: 00:28:57

Health: -11/76     AC: 12    Str: 21    XL:     10   Next: 17%
Magic:  10/10      EV:  5    Int: 24    God:    Wu Jian [**....]
Gold:   489        SH: 19    Dex: 13    Spells: 9/9 levels left

rFire   . . .      SeeInvis .   L - +4 rapier of Income {vorpal, Will+}
rCold   . . .      Faith    .   y - +0 tower shield
rNeg    . . .      Spirit   .   b - +0 chain mail
rPois   .          Reflect  +   (helmet restricted)
rElec   .          Harm     .   F - +0 cloak
rCorr   .          Rampage  .   (no gloves)
Will    +....                   r - +0 pair of boots
Stlth   ..........              C - amulet "Saffuekh" {Reflect Regen+ Int+3 SH+5}
HPRegen 1.02/turn               M - +6 ring of intelligence
MPRegen 0.12/turn               c - +6 ring of intelligence

@: lethally poisoned (-11 -> -15)
A: claws 1, horns 2, icemail 1, condensation shield
a: Renounce Religion, Wall Jump


You were on level 8 of the Dungeon.
You worshipped Wu Jian.
Wu Jian was pleased with you.
You visited 2 branches of the dungeon, and saw 9 of its levels.
You also visited: Sewer.

You collected 489 gold pieces.

Inventory:

Hand Weapons
 E - a +1 shortbow of freezing
 L - the +4 rapier of Income (weapon) {vorpal, Will+}
   (You found it on level 7 of the Dungeon)

   It inflicts extra damage upon your enemies.
   Will:      It increases your willpower.
Missiles
 j - 25 poisoned darts
 l - 19 javelins (quivered)
 u - a throwing net
 A - 2 curare-tipped darts
Armour
 b - a +0 chain mail (worn)
 r - a +0 pair of boots (worn)
 y - a +0 tower shield (worn)
 F - a +0 cloak (worn)
Jewellery
 c - a +6 ring of intelligence (right claw)
 d - an amulet of magic regeneration
 g - a ring of protection from fire
 i - a ring of protection from fire
 C - the amulet "Saffuekh" (around neck) {Reflect Regen+ Int+3 SH+5}
   (You found it on level 5 of the Dungeon)

   [amulet of reflection]

   It reflects blocked missile attacks.
   Int:       It affects your intelligence (+3).
   Regen:     It increases your rate of health regeneration.
   SH:        It affects your SH (+5).
 M - a +6 ring of intelligence (left claw)
Wands
 a - a wand of iceblast (6)
 t - a wand of acid (2)
 I - a wand of polymorph (5)
 N - a wand of flame (17)
 P - a wand of mindburst (10)
Scrolls
 e - 4 scrolls of immolation
 f - a scroll of poison
 h - 4 scrolls of magic mapping
 k - 5 scrolls of teleportation
 m - 3 scrolls of fear {unknown}
 o - 2 scrolls of silence
 p - 3 scrolls of enchant weapon
 q - a scroll of summoning {unknown}
 s - 2 scrolls of vulnerability {unknown}
 G - a scroll of noise {unknown}
 K - a scroll of enchant armour {unknown}
 O - a scroll of butterflies {unknown}
Potions
 n - a potion of lignification {unknown}
 v - a potion of attraction {unknown}
 w - a potion of ambrosia {unknown}
 x - 2 potions of haste {unknown}
 z - 6 potions of heal wounds
 B - a potion of invisibility {unknown}
 D - a potion of resistance {unknown}
 H - a potion of curing {unknown}
 J - a potion of berserk rage {unknown}


   Skills:
 + Level 5.6 Fighting
 + Level 3.5 Short Blades
 + Level 8.2 Axes
 + Level 2.0 Throwing
 + Level 5.6 Armour
 + Level 2.1 Dodging
 + Level 1.1 Stealth
 + Level 7.4 Shields
 + Level 1.1 Evocations


You had 9 spell levels left.
You didn't know any spells.
Your spell library contained the following spells:

 Spells                   Type           Power      Damage    Failure   Level
 Apportation              Tloc           0%         N/A       100%        1
 Summon Small Mammal      Summ           0%         N/A       100%        1
 Call Canine Familiar     Summ           0%         N/A       100%        3
 Frozen Ramparts          Ice            0%         1d8       100%        3
 Portal Projectile        Hex/Tloc       0%         N/A       100%        3
 Summon Guardian Golem    Hex/Summ       0%         N/A       100%        3
 Tukima's Dance           Hex            0%         N/A       100%        3
 Ice Form                 Ice/Tmut       0%         N/A       100%        4
 Summon Ice Beast         Ice/Summ       0%         N/A       100%        4
 Alistair's Intoxication  Tmut/Pois      0%         N/A       100%        5
 Blade Hands              Tmut           0%         N/A       100%        5


Dungeon Overview and Level Annotations

Branches:
Dungeon (8/15)             Temple (1/1) D:4           Sewer (visited)
   Lair: D:8-11

Altars:
Ashenzari
Dithmenos
Hepliaklqana
Kikubaaqudgha
Makhleb
Nemelex Xobeh
Okawaru
Sif Muna
Trog
Uskayaw
Vehumet
Wu Jian
Yredelemnul

Shops:
D:1 =   D:4 (   D:7 [   D:8 :

Annotations:
D:8 Erica


Innate Abilities, Weirdness & Mutations

You have sharp fingernails.
You have a pair of horns on your head.
A meltable icy envelope protects you from harm. (AC +0)
A meltable shield of frost defends you. (SH +0)


Message History

Something completely misses you.
You barely miss something. Something hits you!
Your icy defenses dissipate!
Something burns you.
You miss something.
Something hits you but does no damage. x2
You barely miss something. Your headbutt misses something. Something hits you!
Something burns you!
Aiming: Mindburst
Press: ? - help, Shift-Dir - straight line Something's mind is blasted!
Something hits you! Something burns you.
Unknown command.
You hit something. You headbutt something! You block something's attack.
Unknown command.
You hit something. Your headbutt misses something. Something hits you.
Something burns you. You block something's attack.
Aiming: Mindburst
Press: ? - help, Shift-Dir - straight line Nothing appears to happen.
You block something's attack.
Aiming: Mindburst
Press: ? - help, Shift-Dir - straight line Nothing appears to happen.
You hear some strange, mumbled words.
A lance of force appears from out of thin air!
The lance of force reflects off an invisible shield around you!
The lance of force hits something!
Unknown command.
Aiming: Mindburst
Press: ? - help, Shift-Dir - straight line Nothing appears to happen.
Something hits you! Something burns you.
You puncture something! Something hits you!
* * * LOW HITPOINT WARNING * * *
Something burns you.
* * * LOW HITPOINT WARNING * * *
You puncture something! You block something's attack.
You hear some strange, mumbled words.
A bolt of poison appears from out of thin air!
The bolt of poison hits you!!
You are poisoned.
You die...

################.#
#.........# #.#
#'######.## #.#
...# #.# #.# ...#
#.# #.# ...# #.#
#.# ...# #<# #.#
#+## ### #.# #@#
#{# #.# ..# # ###


There were no monsters in sight!

Vanquished Creatures
  A two-headed ogre (D:5)
  Maggie (D:7)
  6 yaks (D:8)
  2 steam dragons
  A water moccasin (D:6)
  An orc warrior (D:6)
  A sky beast (D:6)
  2 ice beasts
  An ogre (D:6)
  A centaur (D:5)
  4 kobold brigands (Sewer)
  A bullfrog (D:7)
  2 necrophages
  4 scorpions
  3 wights (D:7)
  5 killer bees (D:8)
  3 howler monkeys
  4 hounds
  A human zombie (D:4)
  3 orc priests
  2 iguanas (D:5)
  4 orc wizards
  A hound zombie (D:4)
  3 mummies (D:4)
  A howler monkey zombie (D:4)
  7 gnolls
  5 adders
  3 river rats (Sewer)
  3 white imps
  2 ufetubi
  3 adder zombies (D:4)
  4 worms
  A dart slug (D:3)
  20 orcs
  14 bats
  12 endoplasms
  2 giant cockroaches
  8 goblins
  6 hobgoblins
  3 jackals (D:2)
  3 quokkas
  6 ball pythons
  4 frilled lizards
  A jackal zombie (D:4)
  14 kobolds
  A quokka zombie (D:4)
  6 rats
186 creatures vanquished.

Vanquished Creatures (others)
  A plant (D:6)
1 creature vanquished.

Grand Total: 187 creatures vanquished

Notes
Turn   | Place    | Note
-------+----------+-------------------------------------------
     0 | D:1      | xian the Demonspawn Fighter began the quest for the Orb.
     0 | D:1      | Reached XP level 1. HP: 18/18 MP: 1/1
    66 | D:1      | Found Siethana's Jewellery Boutique.
   212 | D:1      | Gained mutation: A meltable shield of frost defends you.
                  | (SH +0) [demonic ancestry]
   212 | D:1      | Reached XP level 2. HP: 23/24 MP: 2/2
   306 | D:1      | Reached skill level 2 in Axes
   316 | D:1      | Found a faded altar of an unknown god.
   889 | D:2      | Reached XP level 3. HP: 28/29 MP: 3/3
  1144 | D:1      | Discovered your monstrous ancestry.
  1144 | D:1      | Gained mutation: You have a pair of small horns on your
                  | head. [demonic ancestry]
  1144 | D:1      | Reached XP level 4. HP: 35/36 MP: 4/4
  1925 | D:3      | Reached skill level 3 in Axes
  1936 | D:3      | Gained mutation: A meltable icy envelope protects you from
                  | harm. (AC +0) [demonic ancestry]
  1936 | D:3      | Reached XP level 5. HP: 26/42 MP: 5/5
  2713 | D:4      | Noticed a steam dragon
  2723 | D:4      | Killed a steam dragon
  2724 | D:4      | Reached skill level 1 in Dodging
  2724 | D:4      | Gained mutation: You have a pair of horns on your head.
                  | [demonic ancestry]
  2724 | D:4      | Reached XP level 6. HP: 28/48 MP: 6/6
  2984 | D:4      | Found a staircase to the Ecumenical Temple.
  3018 | D:4      | Found Holioc's Weapon Shop.
  3071 | Temple   | Entered the Ecumenical Temple
  3175 | Temple   | Became a worshipper of the Wu Jian Council
  3289 | D:4      | Reached skill level 4 in Axes
  3665 | D:4      | Reached XP level 7. HP: 54/54 MP: 7/7
  3669 | D:4      | Found an ancient bone altar of Kikubaaqudgha.
  3814 | D:5      | Entered Level 5 of the Dungeon
  3826 | D:5      | Reached skill level 5 in Axes
  3839 | D:5      | Noticed a two-headed ogre
  3859 | D:5      | Killed a two-headed ogre
  3860 | D:5      | Reached skill level 6 in Axes
  3860 | D:5      | Reached skill level 1 in Evocations
  3860 | D:5      | Gained mutation: You have sharp fingernails. [demonic
                  | ancestry]
  3860 | D:5      | Reached XP level 8. HP: 10/61 MP: 8/8
  4243 | D:5      | Found a bloodstained altar of Trog.
  4257 | D:5      | Found a glowing drain.
  4259 | D:5      | Reached * piety under Wu Jian
  4273 | Sewer    | Entered a sewer
  4672 | Sewer    | Reached skill level 7 in Axes
  4821 | Sewer    | Reached skill level 5 in Shields
  5099 | Sewer    | Reached skill level 1 in Stealth
  5170 | D:5      | Identified the amulet "Saffuekh" {Reflect Regen+ Int+3
                  | SH+5}
  5417 | D:5      | Reached skill level 5 in Fighting
  5511 | D:5      | Reached skill level 1 in Throwing
  5511 | D:5      | Reached XP level 9. HP: 68/68 MP: 9/9
  5697 | D:6      | Found a transporter.
  5719 | D:6      | Noticed a kobold demonologist
  5840 | D:6      | Found a transporter.
  5902 | D:6      | Reached skill level 8 in Axes
  5914 | D:6      | Reached ** piety under Wu Jian
  6217 | D:6      | Found a hazy altar of Hepliaklqana.
  6730 | D:7      | Identified the +4 rapier of Income {vorpal, Will+}
  6768 | D:7      | Found Vywavvie's Antique Armour Shoppe.
  6785 | D:7      | Reached skill level 5 in Armour
  6832 | D:7      | Noticed Maggie
  6852 | D:7      | Killed Maggie
  6853 | D:7      | Reached skill level 1 in Short Blades
  6957 | D:7      | Noticed a +0 hand axe
  6957 | D:7      | Noticed a +0 hand axe
  6958 | D:7      | Found a hide-covered altar of Uskayaw.
  7517 | D:8      | Found a burning altar of Makhleb.
  7613 | D:8      | Reached XP level 10. HP: 75/75 MP: 10/10
  7680 | D:8      | Found a sparkling altar of Nemelex Xobeh.
  7732 | D:8      | Found Yntagg's Book Emporium.
  7771 | D:8      | Found a shimmering blue altar of Sif Muna.
  7981 | D:6      | Noticed a sun demon
  8307 | D:8      | Found a basalt altar of Yredelemnul.
  8447 | D:8      | Noticed Erica
  8466 | D:8      | Killed from afar by Erica

Illustrated notes

Levels and vault maps discovered:
D:1:      dpeg_arrival_radiant, layout_loops_ring,
          chequers_ecumenical_altar_simple_redux, serial_shops,
          nicolae_shop_trees
D:2:      cheibrodos_pilgrimage, layout_basic, minmay_close_crescents
D:3:      layout_loops_ring
D:4:      layout_rooms, lemuel_mausoleum_altar_kikubaaqudgha, temple_pool_b,
          serial_shops, shop_statue
D:5:      layout_loops_ring, mainiacjoe_overflow_alcove_2,
          cheibrodos_sewer_entry_sluice
D:6:      gammafunk_wand_slinger, layout_basic,
          worldfamousw_hep_ancestral_shrine
D:7:      layout_gridville, dancing_weapons_uskayaw, serial_shops, shop,
          uniq_maggie
D:8:      layout_basic, kennysheep_ying_yang, mainiacjoe_overflow_chevrons,
          zin_purify, old_standard_altar, marbit_many_paths, serial_shops, shop,
          uniq_erica
Temple:   dpeg_chambers_temple

Skill      XL: |  1  2  3  4  5  6  7  8  9 |
---------------+----------------------------+-----
Axes           | 2 3 4 6 7 8 |  8.2
Shields        | 3 4 5 7 |  7.4
Armour         | 3 4 5 |  5.6
Dodging        | 1 2 |  2.1
Fighting       | 4 5 |  5.6
Evocations     | 1 |  1.1
Stealth        | 1 |  1.1
Throwing       | 1 2 |  2.0
Short Blades   | 3 |  3.5

Action                   |  1- 3 |  4- 6 |  7- 9 | 10-12 || total
-------------------------+-------+-------+-------+-------++-------
Melee: War axe           |    64 |   139 |   301 |       ||   504
       Headbutt          |       |    20 |    70 |    12 ||   102
       Rapier            |       |       |    91 |    85 ||   176
Throw: Javelin           |       |       |    23 |       ||    23
       Dart              |       |       |     1 |       ||     1
Invok: Lunge             |       |     1 |    10 |     5 ||    16
       Whirlwind         |       |       |    10 |     5 ||    15
Evoke: Wand              |       |     1 |     5 |     7 ||    13
  Use: Scroll            |       |     4 |     6 |       ||    10
       Potion            |       |     1 |       |     1 ||     2
 Stab: Sleeping          |       |     1 |       |       ||     1
Armor: Scale mail        |    36 |     3 |       |       ||    39
       Chain mail        |       |    58 |   171 |    35 ||   264
       Leather armour    |       |     6 |       |       ||     6
Dodge: Dodged            |    34 |    60 |    67 |    13 ||   174
Block: Buckler           |    35 |    65 |   105 |       ||   205
       Reflection        |       |       |     3 |     4 ||     7
       Tower shield      |       |       |   203 |   117 ||   320

Table legend: (Time is in decaauts)
 A = Elapsed time spent in this place.
 B = Non-inter-level travel time spent in this place.
 C = Inter-level travel time spent in this place.
 D = Time resting spent in this place.
 E = Time spent auto-exploring this place.
 F = Levels seen in this place.
 G = Mean time per level.
                   A        B        C        D        E       F      G
               +--------+--------+--------+--------+--------+-----+--------+
         Total |   8871 |   8491 |    380 |      0 |   5861 |  10 |  887.1 |
       Dungeon |   7667 |   7287 |    380 |      0 |   5158 |   8 |  958.4 |
        Temple |    112 |    112 |      0 |      0 |     86 |   1 |  112.0 |
         Sewer |   1091 |   1091 |      0 |      0 |    616 |   1 | 1091.0 |
               +--------+--------+--------+--------+--------+-----+--------+

Top non-repeatable levels by time:
     D:6: 1270 daAuts
     D:1: 1153 daAuts
   Sewer: 1091 daAuts
     D:4: 1013 daAuts
     D:5: 958 daAuts
     D:3: 906 daAuts
     D:8: 894 daAuts
     D:7: 759 daAuts
     D:2: 712 daAuts
  Temple: 112 daAuts
